 Dungeon Crawl Stone Soup version 0.29-a0-925-g0a7a3d12f8 (webtiles) character file.

Game seed: 9530275729315000893

7557 greasedhog the Skirmisher (level 11, -4/66 HPs)
             Began as a Gargoyle Hunter on July 29, 2022.
             Was an Elder of Okawaru.
             Slain by an efreet
             ... wielding a +2 scimitar of flaming
              (5 damage)
             ... on level 10 of the Dungeon.
             The game lasted 00:22:55 (10626 turns).

greasedhog the Skirmisher (Gargoyle Hunter)        Turns: 10626, Time: 00:22:55

Health: -4/66      AC: 19    Str: 19    XL:     11   Next: 17%
Magic:  9/14       EV: 17    Int:  9    God:    Okawaru [****..]
Gold:   495        SH:  5    Dex: 16    Spells: 8/10 levels left

rFire   . . .      SeeInvis .   j - +1 great sword (flame)
rCold   + . .      Faith    .   (shield currently unavailable)
rNeg    + . .      Spirit   .   O - +1 steam dragon scales
rPois   ∞          Reflect  +   (helmet restricted)
rElec   +          Harm     .   z - +0 cloak
rCorr   .          Rampage  .   F - +0 pair of gloves
Will    .....                   (no boots)
Stlth   +++++.....              q - amulet of reflection
HPRegen 0.21/turn               K - ring of protection from cold
MPRegen 0.14/turn               (no ring)

@: heroic, finesse-ful, slowed, studying Evocations, unable to drink, very slow
A: sickness immunity, AC +8, negative energy resistance 1, electricity
resistance, torment resistance 1, petrification resistance, antennae 1, strong
1, inability to drink while threatened 1
a: Renounce Religion, Heroism, Finesse


You were on level 10 of the Dungeon.
You worshipped Okawaru.
Okawaru was greatly pleased with you.
You visited 2 branches of the dungeon, and saw 11 of its levels.
You also visited: Bailey.

You collected 495 gold pieces.

Inventory:

Hand Weapons
 a - a +0 shortbow
 b - a +0 short sword of draining
 c - a +2 dagger of venom
 d - a +1 falchion of holy wrath
 j - a +1 great sword of flaming (weapon)
Missiles
 g - 14 poisoned darts
 G - 2 throwing nets
Armour
 z - a +0 cloak (worn)
 F - a +0 pair of gloves (worn)
 O - +1 steam dragon scales (worn)
Jewellery
 q - an amulet of reflection (around neck)
 K - a ring of protection from cold (left hand)
Wands
 u - a wand of polymorph (7)
 C - a wand of flame (15)
Scrolls
 e - a scroll of enchant armour
 h - 3 scrolls of amnesia
 i - 4 scrolls of teleportation
 n - a scroll of poison
 p - a scroll of magic mapping
 r - 2 scrolls of enchant weapon
 s - 2 scrolls of brand weapon {unknown}
 t - a scroll of vulnerability {unknown}
 A - a scroll of noise {unknown}
 B - 4 scrolls of immolation
 D - 4 scrolls of fear {unknown}
 E - a scroll of blinking {unknown}
 H - 2 scrolls of fog {unknown}
 J - 2 scrolls of torment {unknown}
 L - a scroll of silence
Potions
 f - a potion of degeneration {unknown}
 k - a potion of heal wounds {unknown}
 l - a potion of lignification {unknown}
 o - 2 potions of flight
 v - 3 potions of attraction {unknown}
 w - 2 potions of haste
 x - 4 potions of brilliance {unknown}
 I - 2 potions of berserk rage {unknown}
 M - a potion of magic {unknown}
 N - 2 potions of invisibility {unknown}
Miscellaneous
 y - a piece from Xom's chessboard (15/15)


   Skills:
 - Level 6.4(11.4) Fighting
 * Level 3.7(8.7) Long Blades
 * Level 12.0(17.0) Ranged Weapons
 - Level 6.2(11.2) Armour
 - Level 5.1(10.1) Dodging
 - Level 5.7(10.7) Stealth
 - Level 4.4 Invocations


You had 8 spell levels left.
You knew the following spells:

 Your Spells              Type           Power      Damage    Failure   Level
a - Blink                 Tloc           0%         N/A       52%         2

Your spell library contained the following spells:

 Spells                   Type           Power      Damage    Failure   Level
 Portal Projectile        Hex/Tloc       0%         N/A       77%         3
 Cause Fear               Hex            0%         N/A       99%         4
 Leda's Liquefaction      Hex/Erth       0%         N/A       99%         4
 Manifold Assault         Tloc           0%         N/A       100%        5
 Dispersal                Tloc           0%         N/A       100%        6
 Dragon Form              Tmut           0%         N/A       100%        7
 Storm Form               Tmut/Air       0%         N/A       100%        7
 Disjunction              Tloc           0%         N/A       100%        8
 Call Canine Familiar     Summ           Unusable   N/A       N/A         3
 Dragon's Call            Summ           Unusable   N/A       N/A         9

Dungeon Overview and Level Annotations

Branches:
Dungeon (10/15)            Temple (1/1) D:6          Bailey (visited)
   Lair: D:8-11         Orc: D:9-12

Altars:
Ashenzari
Cheibriados
Dithmenos
Elyvilon
Fedhas
Gozag
Hepliaklqana
Kikubaaqudgha
Makhleb
Nemelex Xobeh
Okawaru
Qazlal
Ru
Sif Muna
Trog
Uskayaw
Vehumet
Wu Jian
Xom
Yredelemnul
Zin
The Shining One

Shops:
D:2 =

Annotations:
D:7 1 runed translucent door, quixfox's ghost, novice GrEE


Innate Abilities, Weirdness & Mutations

You are immune to sickness and miasma.
Your stone body is resilient. (AC +8)
You are immune to poison.
You resist negative energy. (rN+)
You are resistant to electric shocks. (rElec)
You are resistant to unholy torment.
You are immune to petrification.
You have a pair of small antennae on your head.
Your muscles are strong. (Str +4, Int/Dex -1)
You occasionally lose the ability to drink potions when taking damage.


Message History

The wraith hits you but does no damage.
You hit the wraith but do no damage.
The wraith is heavily damaged.
The wraith misses you.
You closely miss the wraith.
The wraith is heavily damaged.
The wraith hits you! The wraith drains your vigour!
You feel as though you will be slow longer.
You barely miss the wraith.
The wraith is heavily damaged.
The wraith barely misses you.
You hit the wraith but do no damage.
The wraith is heavily damaged.
The wraith misses you.
You hit the wraith. You burn the wraith.
The wraith is severely damaged.
The wraith misses you.
You hit the wraith. You burn the wraith.
The wraith is almost destroyed.
The wraith completely misses you.
You completely miss the wraith.
The wraith is almost destroyed.
The wraith barely misses you.
You slash the wraith! You burn the wraith.
You destroy the wraith!
Okawaru accepts your kill. The efreet gestures at you.
The fireball explodes!
The fireball engulfs you!!
Ouch! That really hurt!
* * * LOW HITPOINT WARNING * * *
Your base Ranged Weapons skill increases to level 12!
You can't see any enemies this would affect, really read the scroll of poison?
Okay, then.
The efreet gestures at you. The bolt of fire hits you!
You feel threatened and lose the ability to drink potions!
* * * LOW HITPOINT WARNING * * *
You hit the efreet but do no damage.
The efreet hits you with a +2 scimitar of flaming.
You die...

#.....#
#.##.....#
#.###...<# #.#
##.#.# . #.#
#.#.# #.# #.#
#.#.# .. #.#
#.#.#
..##.##.####.#.#
........R@...#..
...#.##.########
#☼# ##.#####.#
#........#
#.....#####
....... .....?.
###...#


You could see an efreet.

Vanquished Creatures
  2 vault guards (Bailey)
  Erolcha (D:9)
  A cyclops (D:9)
  Maggie (D:9)
  Prince Ribbit (Bailey)
  Sigmund (D:5)
  A wraith (D:10)
  4 humans (Bailey)
  8 yaks
  A steam dragon (D:8)
  Menkaure (D:5)
  Edmund (D:5)
  An acid dragon (D:8)
  A water moccasin (D:8)
  An orc warrior (D:9)
  3 black bears
  An ogre (D:4)
  A lemure (D:4)
  A kobold brigand (D:9)
  A necrophage (D:8)
  8 bullfrogs
  A scorpion (D:5)
  6 killer bees (D:9)
  A howler monkey (D:5)
  2 jellies
  5 hounds
  4 orc priests
  A gnoll bouda (D:8)
  4 iguanas
  4 orc wizards
  10 adders
  3 white imps
  2 ufetubi
  2 worms
  5 dart slugs
  20 orcs
  9 ball pythons
  2 endoplasms (D:1)
  8 goblins
  7 hobgoblins
  5 jackals
  5 quokkas
  7 bats
  3 frilled lizards
  10 kobolds
  6 rats
173 creatures vanquished.

Vanquished Creatures (others)
  A kobold (D:9)
1 creature vanquished.

Grand Total: 174 creatures vanquished

Notes
Turn   | Place    | Note
-------+----------+-------------------------------------------
     0 | D:1      | greasedhog the Gargoyle Hunter began the quest for the Orb.
     0 | D:1      | Reached XP level 1. HP: 12/12 MP: 1/1
   225 | D:1      | Reached XP level 2. HP: 17/17 MP: 2/2
   296 | D:1      | Found a faded altar of an unknown god.
   450 | D:1      | You fall into a shaft and drop 1 floor!
   477 | D:2      | Reached XP level 3. HP: 19/21 MP: 3/3
   938 | D:2      | Reached XP level 4. HP: 10/26 MP: 4/4
  1561 | D:2      | Found Luvoxt's Jewellery Emporium.
  1641 | D:3      | Reached skill level 5 in Ranged Weapons
  1734 | D:3      | Found an ornate altar of the Wu Jian Council.
  1931 | D:3      | Found a hide-covered altar of Uskayaw.
  1948 | D:3      | Reached XP level 5. HP: 30/30 MP: 5/5
  2231 | D:3      | Found an ancient bone altar of Kikubaaqudgha.
  2579 | D:4      | Noticed an ogre
  2727 | D:4      | Killed an ogre
  2728 | D:4      | Reached skill level 6 in Ranged Weapons
  2728 | D:4      | Reached XP level 6. HP: 4/35 MP: 6/6
  3236 | D:4      | Found an opulent altar of Gozag.
  3237 | D:4      | Found a sacrificial altar of Ru.
  3237 | D:4      | Found a basalt altar of Yredelemnul.
  3238 | D:4      | Found a white marble altar of Elyvilon.
  3309 | D:4      | Noticed Grinder
  3311 | D:4      | Noticed Grinder
  3311 | D:4      | Grinder changed into Grinder the lemure
  3352 | D:4      | Killed Grinder the lemure
  3584 | D:4      | Reached XP level 7. HP: 40/40 MP: 7/7
  3819 | D:5      | Entered Level 5 of the Dungeon
  3896 | D:5      | Noticed Menkaure
  4028 | D:5      | Found a burning altar of Makhleb.
  4048 | D:5      | Found a shadowy altar of Dithmenos.
  4086 | D:5      | Noticed Sigmund
  4092 | D:5      | Killed Sigmund
  4093 | D:5      | Reached skill level 7 in Ranged Weapons
  4093 | D:5      | Reached skill level 5 in Dodging
  4371 | D:5      | Killed Menkaure
  4372 | D:5      | Reached XP level 8. HP: 46/46 MP: 8/8
  4700 | D:5      | Noticed Edmund
  4728 | D:5      | Killed Edmund
  4825 | D:5      | Reached skill level 8 in Ranged Weapons
  5011 | D:6      | Found a staircase to the Ecumenical Temple.
  5227 | D:7      | Found a flagged portal.
  5252 | D:7      | Found a runed translucent door.
  5253 | D:7      | Noticed quixfox's ghost (novice GrEE)
  5271 | D:7      | Found an iron altar of Okawaru.
  5274 | D:7      | Became a worshipper of Warmaster Okawaru
  5327 | Bailey   | Entered a bailey
  5361 | Bailey   | Reached skill level 5 in Fighting
  5361 | Bailey   | Reached skill level 1 in Armour
  5365 | Bailey   | HP: 2/49 [human/+0 war axe (9)]
  5366 | Bailey   | Gained mutation: Your muscles are strong. (Str +4, Int/Dex
                  | -1) [potion of mutation]
  5823 | Bailey   | Reached * piety under Okawaru
  5824 | Bailey   | Reached XP level 9. HP: 42/55 MP: 9/9
  5920 | Bailey   | Noticed Prince Ribbit
  5947 | Bailey   | Reached skill level 9 in Ranged Weapons
  6060 | Bailey   | Killed Prince Ribbit
  6098 | Bailey   | Reached skill level 1 in Invocations
  6285 | Bailey   | Lost mutation: Your muscles are strong. (Str +4, Int/Dex
                  | -1) [potion of mutation]
  6285 | Bailey   | Gained mutation: Your muscles are strong. (Str +4, Int/Dex
                  | -1) [potion of mutation]
  6285 | Bailey   | Gained mutation: Your mind is acute. (Int +4, Str/Dex -1)
                  | [potion of mutation]
  6285 | Bailey   | Gained mutation: You occasionally lose the ability to drink
                  | potions when taking damage. [potion of mutation]
  6285 | Bailey   | Gained mutation: You have a somewhat thin skeletal
                  | structure. (Dex +2, Stealth+) [potion of mutation]
  6286 | Bailey   | Lost mutation: Your mind is acute. (Int +4, Str/Dex -1)
                  | [potion of mutation]
  6286 | Bailey   | Lost mutation: You have a somewhat thin skeletal structure.
                  | (Dex +2, Stealth+) [potion of mutation]
  6286 | Bailey   | Gained mutation: You have a pair of small antennae on your
                  | head. [potion of mutation]
  6292 | Bailey   | Noticed a vault guard
  6303 | Bailey   | Noticed a vault guard
  6325 | Bailey   | Killed a vault guard
  6325 | Bailey   | Reached ** piety under Okawaru
  6326 | Bailey   | Reached skill level 5 in Armour
  6339 | Bailey   | Killed a vault guard
  6339 | Bailey   | Reached *** piety under Okawaru
  6340 | Bailey   | Reached skill level 10 in Ranged Weapons
  6340 | Bailey   | Reached XP level 10. HP: 21/61 MP: 9/13
  6784 | Temple   | Entered the Ecumenical Temple
  7480 | D:6      | HP: 2/61 [yak (11)]
  8075 | D:8      | HP: 3/61 [acid dragon/splash of acid (19)]
  8389 | D:8      | Learned a level 2 spell: Blink
  8728 | D:8      | Reached **** piety under Okawaru
  8922 | D:9      | Noticed a cyclops
  8932 | D:9      | Killed a cyclops
  8933 | D:9      | Reached skill level 11 in Ranged Weapons
  8933 | D:9      | Reached skill level 5 in Stealth
  9244 | D:9      | Noticed Erolcha
  9263 | D:9      | Killed Erolcha
  9595 | D:9      | Noticed Maggie
  9626 | D:9      | HP: 3/61 [Maggie/+0 morningstar (10)]
  9628 | D:9      | Killed Maggie
  9629 | D:9      | Reached XP level 11. HP: 4/66 MP: 11/14
 10566 | D:10     | Entered Level 10 of the Dungeon
 10625 | D:10     | Reached skill level 12 in Ranged Weapons
 10625 | D:10     | HP: 1/66 [efreet/bolt of fire (15)]
 10626 | D:10     | Slain by an efreet

Illustrated notes

Levels and vault maps discovered:
D:1:      dpeg_arrival_central, layout_basic, ebering_ecumenical_altar_box
D:2:      layout_basic, serial_shops, shop, minmay_distorted
D:3:      layout_loops_cross, mainiacjoe_overflow_paths,
          nicolae_wu_jian_wuxing_cycle, mainiacjoe_overflow_tiny_flanked,
          corexii_hall_statues_i, kennysheep_generic_room_12
D:4:      layout_rooms, chequers_temple_overflow_statue_of_worship, uniq_grinder
D:5:      layout_loops_ring, nicolae_overflow_hidden_temple,
          grunt_dithmenos_smoke, chequers_serial_rivers_micro_b,
          nrook_loot_triangle, hangedman_minor_gate_pass, uniq_edmund,
          uniq_menkaure, uniq_sigmund
D:6:      layout_rooms, minmay_temple_entry_from_below_a
D:7:      layout_basic, kennysheep_mini, enter_bailey_2, gammafunk_ghost_grave,
          chequers_serial_rivers_small_b
D:8:      layout_loops_ring, ebering_dispersal_statue_hall,
          minmay_manual_macuahuitl
D:9:      cheibrodos_iron_armory, layout_long_grid, uniq_erolcha, uniq_maggie
D:10:     layout_loops_ring, uniq_josephine, uniq_nergalle
Temple:   hellmonk_temple_flake

Skill      XL: |  1  2  3  4  5  6  7  8  9 10 11 |
---------------+----------------------------------+-----
Dodging        | 2 3 4 5 |  5.1
Ranged Weapons | 5 6 7 8 10 11 12 | 12.0
Fighting       | 3 5 6 |  6.4
Armour         | 3 6 |  6.2
Invocations    | 4 |  4.4
Stealth        | 5 |  5.7
Long Blades    | 2 3 |  3.7

Action                   |  1- 3 |  4- 6 |  7- 9 | 10-12 || total
-------------------------+-------+-------+-------+-------++-------
Melee: Dagger            |       |    21 |   108 |    59 ||   188
       Short sword       |       |    39 |    89 |    36 ||   164
       Punch             |       |       |     5 |     4 ||     9
       Great sword       |       |       |       |    84 ||    84
 Fire: Shortbow          |    89 |   104 |   152 |   142 ||   487
Invok: Heroism           |       |       |     2 |     7 ||     9
       Finesse           |       |       |       |     2 ||     2
Evoke: Wand              |       |     2 |     8 |       ||    10
  Use: Scroll            |     2 |     3 |     3 |     1 ||     9
       Potion            |       |     1 |    10 |       ||    11
 Stab: Sleeping          |       |       |     1 |       ||     1
Armor: Leather armour    |    17 |    23 |   100 |    88 ||   228
       Steam dragon scal |       |       |       |    18 ||    18
Dodge: Dodged            |    34 |    69 |   162 |   225 ||   490
Block: Other             |       |    10 |    57 |    55 ||   122
       Reflection        |       |     1 |       |     1 ||     2

Table legend: (Time is in decaauts)
 A = Elapsed time spent in this place.
 B = Non-inter-level travel time spent in this place.
 C = Inter-level travel time spent in this place.
 D = Time resting spent in this place.
 E = Time spent auto-exploring this place.
 F = Levels seen in this place.
 G = Mean time per level.
                   A        B        C        D        E       F      G
               +--------+--------+--------+--------+--------+-----+--------+
         Total |  10664 |  10314 |    350 |   2636 |   5578 |  12 |  888.7 |
       Dungeon |   9306 |   8966 |    340 |   2207 |   5084 |  10 |  930.6 |
        Temple |    152 |    142 |     10 |      0 |    130 |   1 |  152.0 |
        Bailey |   1205 |   1205 |      0 |    429 |    364 |   1 | 1205.0 |
               +--------+--------+--------+--------+--------+-----+--------+

Top non-repeatable levels by time:
     D:9: 1333 daAuts
     D:7: 1268 daAuts
     D:3: 1255 daAuts
  Bailey: 1205 daAuts
     D:5: 1090 daAuts
     D:8: 1056 daAuts
     D:4: 1054 daAuts
     D:2: 937 daAuts
     D:1: 735 daAuts
     D:6: 514 daAuts
  Temple: 152 daAuts
    D:10: 60 daAuts
